[Event "1000GM Spring IM-D 2024"]
[Site "New York"]
[Date "2024.03.30"]
[Round "5.8"]
[White "Gaw, Chloe"]
[Black "Khodzhamkuliev, Bahadur"]
[Result "0-1"]
[ECO "E91"]
[WhiteElo "2092"]
[BlackElo "2159"]
[Annotator "RC"]
[PlyCount "160"]
[EventDate "2024.03.26"]
[EventType "tourn"]
[EventCountry "USA"]
[SourceTitle "playchess.com"]
[Source "ChessBase"]
[SourceQuality "1"]
[TimeControl "5400+30"]

1. d4 d6 2. c4 Nc6 3. d5 Nb8 4. e4 Nf6 5. Nc3 g6 6. Be2 Bg7 7. h3 O-O 8. Nf3 a5 9. Be3 Na6 10. Nd2 c6 11. O-O cxd5 12. cxd5 Nc5 13. Qc2 Bd7 14. Nb3 Na4 15. Nd4 Qc7 16. Bd3 Nxc3 17. bxc3 Rfc8 18. Rac1 Be8 19. Nb5 Bxb5 20. Bxb5 Nd7 21. Bxd7 Qxd7 22. Qb3 b5 23. c4 b4 24. Bd2 Rab8 25. Rb1 Qa7 26. Qd3 Qd4 27. Qxd4 Bxd4 28. Rfc1 Rb7 29. a3 Rcb8 30. axb4 axb4 31. Rb3 e5 32. Rcb1 Bc5 33. Kf1 f5 34. f3 fxe4 35. fxe4 Rf7+ 36. Rf3 Ra8 37. Rxf7 Kxf7 38. Ke2 Ra2 39. Kd1 Ra4 40. Kc2 Ke7 41. Bc1 b3+ 42. Kd3 Ra2 43. Bd2 Ra3 44. Bc3 h5 45. Bb2 Ra8 46. Rf1 h4 47. Kd2 Ra2 48. Rb1 Bd4 49. Kc1 Ra4 50. Bxd4 Rxc4+ 51. Kd2 Rxd4+ 52. Ke3 Rb4 53. Rb2 Kd7 54. Kd3 Kc7 55. Kc3 Rxe4 56. Kxb3 Rd4 57. Rf2 Rxd5 58. Rf6 g5 59. Rf5 Rd3+ 60. Kc4 Rd4+ 61. Kc3 g4 62. hxg4 Rxg4 63. Rf2 Kd7 64. Kd3 d5 65. Rf7+ Ke6 66. Rh7 Rg3+ 67. Ke2 Rxg2+ 68. Kf3 Rg3+ 69. Kf2 Rg4 70. Kf3 Rf4+ 71. Ke3 Kf6 72. Rh8 d4+ 73. Kd3 Rf3+ 74. Ke2 Re3+ 75. Kf2 h3 76. Rh5 Kg6 77. Rh8 Kf5 78. Rh4 Ke6 79. Rh8 Kd5 80. Rh4 Kc4 0-1

[Event "1000GM Spring IM-D 2024"]
[Site "New York"]
[Date "2024.03.30"]
[Round "5.9"]
[White "Zaderman, Vitaly"]
[Black "Mou, Iris"]
[Result "1-0"]
[ECO "E49"]
[WhiteElo "2177"]
[BlackElo "2216"]
[Annotator "RC"]
[PlyCount "87"]
[EventDate "2024.03.26"]
[EventType "tourn"]
[EventCountry "USA"]
[SourceTitle "playchess.com"]
[Source "ChessBase"]
[SourceQuality "1"]
[TimeControl "5400+30"]

1. d4 Nf6 2. c4 e6 3. Nc3 Bb4 4. e3 O-O 5. Bd3 d5 6. a3 Bxc3+ 7. bxc3 dxc4 8. Bxc4 c5 9. Bd3 Qc7 10. Bb2 b6 11. c4 Nbd7 12. Nf3 Bb7 13. O-O Rfd8 14. Qe2 h6 15. Rfd1 Rac8 16. Rac1 Ng4 17. d5 exd5 18. Bf5 Ngf6 19. Bxf6 Nxf6 20. Bxc8 Rxc8 21. cxd5 Bxd5 22. Nd2 Qc6 23. f3 b5 24. e4 Be6 25. e5 Nd5 26. Ne4 c4 27. Qf2 a5 28. f4 Rc7 29. f5 Bc8 30. Nd6 Bb7 31. f6 g6 32. Nxb7 Rxb7 33. Qd2 Qc5+ 34. Kh1 Ne3 35. Qd8+ Kh7 36. e6 Nxd1 37. Rxd1 Qe5 38. e7 Rb8 39. Qf8 Rxf8 40. exf8=Q Qxf6 41. Qc5 Qb2 42. Rf1 Qg7 43. Qxb5 c3 44. Qc4 1-0

[Event "1000GM Spring IM-D 2024"]
[Site "New York"]
[Date "2024.03.30"]
[Round "6.1"]
[White "Lapshun, Yury"]
[Black "Shangin, Lev"]
[Result "1-0"]
[ECO "D37"]
[WhiteElo "2332"]
[BlackElo "1994"]
[Annotator "RC"]
[PlyCount "159"]
[EventDate "2024.03.26"]
[EventType "tourn"]
[EventCountry "USA"]
[SourceTitle "playchess.com"]
[Source "ChessBase"]
[SourceQuality "1"]
[TimeControl "5400+30"]

1. d4 Nf6 2. Nf3 d5 3. e3 e6 4. c4 Be7 5. Nc3 O-O 6. Qc2 c5 7. a3 cxd4 8. exd4 dxc4 9. Bxc4 b6 10. O-O Bb7 11. Qd3 Nd5 12. Ne4 Nd7 13. Neg5 N7f6 14. Ne5 h6 15. Ngxf7 Rxf7 16. Qg6 Qe8 17. Bxh6 Bd6 18. Bb5 Qe7 19. Bg5 Bxe5 20. dxe5 Qc5 21. exf6 Qxb5 22. fxg7 Qc6 23. f3 Rxg7 24. Qh6 Rh7 25. Qg6+ Rg7 26. Qh6 Qe8 27. Rae1 Rg6 28. Qh4 Qf7 29. Re5 Qg7 30. Rfe1 Rf8 31. Qg3 Nf4 32. h4 Nd3 33. h5 Nxe1 34. hxg6 Nxf3+ 35. gxf3 Rxf3 36. Qe1 Qxg6 37. Qd1 Qh5 38. Qd8+ Rf8 39. Qxf8+ Kxf8 40. Be7+ Kxe7 41. Rxh5 Be4 42. Kf2 Kd6 43. Ke3 Bd5 44. Kd4 a5 45. Rg5 Bc6 46. Kc4 b5+ 47. Kd4 Bd5 48. b4 axb4 49. axb4 Bc4 50. Ke3 Bd5 51. Kf4 Bc4 52. Rc5 Bd3 53. Rc8 Kd5 54. Ke3 Bc4 55. Rd8+ Ke5 56. Rd7 Bd5 57. Rd8 Bc6 58. Rh8 Kd5 59. Kd3 Bd7 60. Rd8 Kd6 61. Ke4 Kc7 62. Rh8 Kd6 63. Rh5 Bc6+ 64. Kf4 Bd5 65. Rg5 Bc4 66. Rc5 Bd3 67. Kg5 e5 68. Kf6 e4 69. Re5 Kc6 70. Ke7 Bb1 71. Rc5+ Kb6 72. Kd6 Bd3 73. Re5 Bc2 74. Re6 Bd3 75. Kd5+ Kb7 76. Kc5 Kc7 77. Re7+ Kd8 78. Kd6 Bc2 79. Rb7 Kc8 80. Rc7+ 1-0

[Event "1000GM Spring IM-D 2024"]
[Site "New York"]
[Date "2024.03.30"]
[Round "6.2"]
[White "Fedorowicz, John"]
[Black "Cherukuri, Nitesh"]
[Result "1-0"]
[ECO "E66"]
[WhiteElo "2372"]
[BlackElo "2000"]
[Annotator "RC"]
[PlyCount "65"]
[EventDate "2024.03.26"]
[EventType "tourn"]
[EventCountry "USA"]
[SourceTitle "playchess.com"]
[Source "ChessBase"]
[SourceQuality "1"]
[TimeControl "5400+30"]

1. d4 Nf6 2. c4 g6 3. Nf3 Bg7 4. g3 O-O 5. Bg2 d6 6. Nc3 Nc6 7. d5 Na5 8. b3 c5 9. Bb2 a6 10. O-O Rb8 11. Nd2 b5 12. Qc2 bxc4 13. bxc4 e5 14. Nd1 Nh5 15. Bc3 Bd7 16. e4 f5 17. exf5 gxf5 18. Rb1 Rxb1 19. Qxb1 Qc7 20. Qb2 Nb7 21. f4 exf4 22. Bxg7 Nxg7 23. gxf4 Re8 24. Bf3 Re7 25. Kh1 Ne8 26. Bh5 Ng7 27. Rg1 Be8 28. Bxe8 Rxe8 29. Nf3 Nd8 30. Nh4 Qe7 31. Ne3 Kf8 32. Nhxf5 Nxf5 33. Qh8+ 1-0

[Event "1000GM Spring IM-D 2024"]
[Site "New York"]
[Date "2024.03.30"]
[Round "6.3"]
[White "Yoo, Eugene"]
[Black "Zaderman, Vitaly"]
[Result "1-0"]
[ECO "E69"]
[WhiteElo "2205"]
[BlackElo "2177"]
[Annotator "RC"]
[PlyCount "69"]
[EventDate "2024.03.26"]
[EventType "tourn"]
[EventCountry "USA"]
[SourceTitle "playchess.com"]
[Source "ChessBase"]
[SourceQuality "1"]
[TimeControl "5400+30"]

1. d4 Nf6 2. Nf3 g6 3. g3 Bg7 4. Bg2 d6 5. c4 c6 6. Nc3 Nbd7 7. O-O O-O 8. e4 e5 9. h3 Rb8 10. Be3 a6 11. d5 c5 12. a4 b6 13. g4 Ne8 14. Re1 f6 15. Bf1 Rf7 16. Bd3 Nf8 17. Nd2 g5 18. a5 bxa5 19. Nb3 Ng6 20. Nxa5 Rxb2 21. Na4 Qxa5 22. Nxb2 Qc7 23. Bc2 Nf4 24. Ba4 Re7 25. Kh2 h5 26. f3 Bf8 27. Bxf4 exf4 28. Nd3 hxg4 29. hxg4 f5 30. exf5 Nf6 31. Rxe7 Qxe7 32. Qe1 Qh7+ 33. Kg2 Be7 34. Rb1 Bxf5 35. gxf5 1-0

[Event "1000GM Spring IM-D 2024"]
[Site "New York"]
[Date "2024.03.30"]
[Round "6.4"]
[White "Gaw, Chloe"]
[Black "Polyik, Peter"]
[Result "0-1"]
[ECO "E45"]
[WhiteElo "2092"]
[BlackElo "2295"]
[Annotator "RC"]
[PlyCount "92"]
[EventDate "2024.03.26"]
[EventType "tourn"]
[EventCountry "USA"]
[SourceTitle "playchess.com"]
[Source "ChessBase"]
[SourceQuality "1"]
[TimeControl "5400+30"]

1. d4 Nf6 2. c4 e6 3. Nc3 Bb4 4. e3 b6 5. Nge2 Ba6 6. a3 Be7 7. Ng3 d5 8. b3 O-O 9. Bd3 c5 10. cxd5 Bxd3 11. Qxd3 Nxd5 12. Bb2 cxd4 13. Nxd5 Qxd5 14. Qxd4 Qxd4 15. Bxd4 Nc6 16. Bc3 Na5 17. b4 Rfc8 18. Ne4 Nc4 19. Ke2 f5 20. Ng3 Nxe3 21. fxe3 Rxc3 22. Rhd1 Rd8 23. Rac1 Rxd1 24. Rxc3 Rd7 25. Nf1 Kf7 26. Nd2 Bd6 27. h3 Rc7 28. Rd3 Ke7 29. Kd1 g6 30. Nf3 e5 31. Rb3 Ke6 32. Kd2 Be7 33. Ne1 h5 34. a4 g5 35. Nd3 Rc4 36. Rc3 Rxc3 37. Kxc3 e4 38. Nf2 Kd5 39. g3 Bf6+ 40. Kb3 Be5 41. Nh1 a6 42. b5 a5 43. Nf2 Bxg3 44. Nd1 Be5 45. Nf2 g4 46. hxg4 fxg4 0-1

[Event "1000GM Spring IM-D 2024"]
[Site "New York"]
[Date "2024.03.30"]
[Round "6.5"]
[White "Ho, Cooper"]
[Black "Rohde, Michael"]
[Result "1-0"]
[ECO "B47"]
[WhiteElo "2004"]
[BlackElo "2318"]
[Annotator "RC"]
[PlyCount "101"]
[EventDate "2024.03.26"]
[EventType "tourn"]
[EventCountry "USA"]
[SourceTitle "playchess.com"]
[Source "ChessBase"]
[SourceQuality "1"]
[TimeControl "5400+30"]

1. e4 c5 2. Nf3 e6 3. d4 cxd4 4. Nxd4 Nc6 5. Nc3 Qc7 6. g3 a6 7. Bg2 d6 8. Nxc6 bxc6 9. O-O Bb7 10. Na4 Nf6 11. b4 Be7 12. Re1 O-O 13. c4 Nd7 14. Bf4 a5 15. a3 Rfd8 16. Qb3 Rab8 17. Rab1 Ba8 18. Red1 e5 19. Be3 axb4 20. axb4 d5 21. cxd5 cxd5 22. Rbc1 Qd6 23. exd5 Rxb4 24. Qc2 h6 25. Nc3 Nf6 26. Qe2 Bf8 27. Ra1 Rc8 28. Nb5 Qd7 29. Na7 Re8 30. Nc6 Bxc6 31. dxc6 Qe6 32. Rdc1 e4 33. c7 Rc8 34. Ra6 Qd7 35. Rac6 Rb1 36. Rxb1 Qxc6 37. Rc1 Qd7 38. Bf4 Nd5 39. Qd2 Qe6 40. Bh3 Qxh3 41. Qxd5 g5 42. Be3 Qe6 43. Qb7 Qd7 44. Bb6 Ba3 45. Qxc8+ Qxc8 46. Rd1 Kg7 47. Rd8 Qb7 48. Bd4+ Kg6 49. c8=Q Qb3 50. Qc6+ Kf5 51. Qd5+ 1-0

[Event "1000GM Spring IM-D 2024"]
[Site "New York"]
[Date "2024.03.30"]
[Round "6.6"]
[White "Urhegyi, Marton"]
[Black "Safranek, William"]
[Result "0-1"]
[ECO "C63"]
[WhiteElo "2258"]
[BlackElo "1950"]
[Annotator "RC"]
[PlyCount "140"]
[EventDate "2024.03.26"]
[EventType "tourn"]
[EventCountry "USA"]
[SourceTitle "playchess.com"]
[Source "ChessBase"]
[SourceQuality "1"]
[TimeControl "5400+30"]

1. e4 e5 2. Nf3 Nc6 3. Bb5 f5 4. Nc3 Nf6 5. Bxc6 bxc6 6. Nxe5 Qe7 7. d4 Bb7 8. Bg5 O-O-O 9. O-O d6 10. Nd3 fxe4 11. Re1 d5 12. Nc5 Qf7 13. N3a4 Bd6 14. Re3 Qg6 15. Qd2 Qxg5 16. Qb4 Rde8 17. Qxb7+ Kd8 18. Qxc6 Ke7 19. Nc3 Qf5 20. Rae1 Kf7 21. h3 Rhf8 22. Ne2 Kg8 23. Rf1 Re7 24. Nb7 Bf4 25. Nxf4 Qxf4 26. Nc5 Qf5 27. b3 Rd8 28. Qa6 Nh5 29. Qe2 Nf4 30. Qg4 Qf6 31. c3 h5 32. Qg3 Rd6 33. Kh1 Rf7 34. f3 Qh6 35. Qe1 Rg6 36. Rg1 Qg5 37. fxe4 Nxg2 38. Qe2 Qxe3 39. Qxe3 Nxe3 40. Rxg6 Rf1+ 41. Rg1 Rf3 42. Kh2 h4 43. Ne6 Rf2+ 44. Kh1 dxe4 45. Rxg7+ Kh8 46. Rg5 Rf1+ 47. Kh2 Rf2+ 48. Kh1 Nd1 49. Rh5+ Kg8 50. Rxh4 e3 51. Rg4+ Kf7 52. Ng5+ Ke7 53. Re4+ Kf6 54. Re5 Rxa2 55. Kg1 Nxc3 56. Ne4+ Nxe4 57. Rxe4 e2 58. Kf2 Rb2 59. Re3 Kf5 60. h4 Kf4 61. Re7 Rxb3 62. Kxe2 a5 63. h5 a4 64. h6 Rh3 65. Rxc7 a3 66. Ra7 a2 67. Kd2 Rh1 68. h7 Rxh7 69. Ra4 Rh1 70. d5+ Ke5 0-1

[Event "1000GM Spring IM-D 2024"]
[Site "New York"]
[Date "2024.03.30"]
[Round "6.7"]
[White "Jakovljevic, Vlado"]
[Black "Ho, Carter"]
[Result "1/2-1/2"]
[ECO "D38"]
[WhiteElo "2356"]
[BlackElo "2108"]
[Annotator "RC"]
[PlyCount "68"]
[EventDate "2024.03.26"]
[EventType "tourn"]
[EventCountry "USA"]
[SourceTitle "playchess.com"]
[Source "ChessBase"]
[SourceQuality "1"]
[TimeControl "5400+30"]

1. Nf3 d5 2. d4 Nf6 3. c4 e6 4. Nc3 Bb4 5. cxd5 exd5 6. Bg5 h6 7. Bxf6 Qxf6 8. Qa4+ Nc6 9. e3 O-O 10. Be2 Be6 11. O-O a6 12. Rac1 Bd6 13. Qd1 g5 14. e4 dxe4 15. Nxe4 Qf4 16. Nxd6 Qxd6 17. Bc4 Bxc4 18. Rxc4 Rad8 19. h3 b5 20. Rc3 Nxd4 21. Nxd4 Qxd4 22. Qc2 Qd2 23. Rxc7 Qxc2 24. Rxc2 Rd6 25. Rfc1 Rfd8 26. Kf1 Kg7 27. Ke1 R8d7 28. Rc6 Re7+ 29. Kf1 Rd2 30. Re1 Red7 31. Re2 Rd1+ 32. Re1 R1d2 33. Re2 Rd1+ 34. Re1 R1d2 1/2-1/2

[Event "1000GM Spring IM-D 2024"]
[Site "New York"]
[Date "2024.03.30"]
[Round "6.8"]
[White "Khodzhamkuliev, Bahadur"]
[Black "Espinosa, Pedro"]
[Result "0-1"]
[ECO "D44"]
[WhiteElo "2159"]
[BlackElo "2229"]
[Annotator "RC"]
[PlyCount "94"]
[EventDate "2024.03.26"]
[EventType "tourn"]
[EventCountry "USA"]
[SourceTitle "playchess.com"]
[Source "ChessBase"]
[SourceQuality "1"]
[TimeControl "5400+30"]

1. Nf3 d5 2. d4 Nf6 3. c4 c6 4. Nc3 e6 5. Bg5 dxc4 6. e4 b5 7. e5 h6 8. Bh4 g5 9. Nxg5 hxg5 10. Bxg5 Nbd7 11. exf6 Bb7 12. g3 Qb6 13. Bg2 O-O-O 14. O-O c5 15. d5 b4 16. Na4 Qa6 17. a3 Bxd5 18. Bxd5 Ne5 19. Nxc5 Bxc5 20. axb4 Bxf2+ 21. Kxf2 Qb5 22. Kg2 Rxd5 23. Qe2 Qc6 24. Kg1 Nd3 25. Qf3 Kb7 26. Be3 a6 27. Bc5 Nxb2 28. Ra5 Nd3 29. b5 Qxc5+ 30. Kg2 axb5 31. Rfa1 Nb4 32. Ra7+ Kb6 33. Rxf7 Qd4 34. Re1 e5 35. Re7 Nd3 36. Re2 Qc5 37. Re6+ Rd6 38. Re7 Qc6 39. Qxc6+ Kxc6 40. f7 Rf8 41. Ra2 c3 42. g4 Kd5 43. Rc7 c2 44. Raxc2 Ne1+ 45. Kg3 Nxc2 46. g5 Nd4 47. g6 Rxg6+ 0-1

[Event "1000GM Spring IM-D 2024"]
[Site "New York"]
[Date "2024.03.30"]
[Round "6.9"]
[White "Mou, Iris"]
[Black "Bonin, Jay"]
[Result "0-1"]
[ECO "B15"]
[WhiteElo "2216"]
[BlackElo "2154"]
[Annotator "RC"]
[PlyCount "114"]
[EventDate "2024.03.26"]
[EventType "tourn"]
[EventCountry "USA"]
[SourceTitle "playchess.com"]
[Source "ChessBase"]
[SourceQuality "1"]
[TimeControl "5400+30"]

1. e4 c6 2. d4 a6 3. Nc3 d5 4. Nf3 Bg4 5. h3 Bh5 6. exd5 cxd5 7. g4 Bg6 8. h4 Nc6 9. h5 Be4 10. Be3 Bxf3 11. Qxf3 e6 12. g5 h6 13. g6 f5 14. O-O-O Nf6 15. Bf4 Qa5 16. Qe2 Kd7 17. Kb1 Bb4 18. Rh3 Rac8 19. a3 Bd6 20. Bxd6 Kxd6 21. Re3 Rhe8 22. Na2 Qb6 23. Rb3 Qc7 24. Nc1 Na5 25. Rc3 Qb6 26. Rxc8 Rxc8 27. f3 Kd7 28. Nd3 Nc4 29. Ne5+ Ke7 30. Nxc4 Rxc4 31. Qe5 Rc6 32. Re1 Kd7 33. c4 dxc4 34. d5 Rc5 35. dxe6+ Ke7 36. Qc3 Qb3 37. Qd4 Rd5 38. Qxc4 Rd1+ 39. Rxd1 Qxd1+ 40. Ka2 Qd5 41. Qxd5 Nxd5 42. b4 Nf4 43. b5 axb5 44. Bxb5 Nxh5 45. Kb3 Nf4 46. Kc3 h5 47. a4 b6 48. Kb4 Kxe6 49. Bf1 Kd6 50. Kb5 Kc7 51. Kc4 h4 52. Kd4 Kd6 53. Ke3 Ke5 54. Kf2 Nxg6 55. Bb5 Kf4 56. Bc6 Ne5 57. Bd5 h3 0-1

[Event "1000GM Spring IM-D 2024"]
[Site "New York"]
[Date "2024.03.31"]
[Round "7.1"]
[White "Lapshun, Yury"]
[Black "Ho, Cooper"]
[Result "1-0"]
[ECO "D11"]
[WhiteElo "2332"]
[BlackElo "2004"]
[Annotator "RC"]
[PlyCount "71"]
[EventDate "2024.03.26"]
[EventType "tourn"]
[EventCountry "USA"]
[SourceTitle "playchess.com"]
[Source "ChessBase"]
[SourceQuality "1"]
[TimeControl "5400+30"]

1. Nf3 d5 2. d4 Bf5 3. e3 e6 4. c4 c6 5. Nc3 Bd6 6. Bd3 Bxd3 7. Qxd3 f5 8. h3 Nh6 9. g4 O-O 10. g5 Nf7 11. Rg1 g6 12. Bd2 Nd7 13. O-O-O e5 14. Qf1 e4 15. Ne1 dxc4 16. Qxc4 b5 17. Qb3 a5 18. f3 a4 19. Qc2 Nb6 20. fxe4 b4 21. exf5 bxc3 22. Bxc3 Qe7 23. e4 Bf4+ 24. Kb1 Nxg5 25. Nd3 Be3 26. Rge1 Qxe4 27. Rxe3 Qxe3 28. Re1 Qxh3 29. fxg6 hxg6 30. Ne5 Qf5 31. Rg1 Qf1+ 32. Qc1 Qxc1+ 33. Kxc1 Rf5 34. Bd2 Nf3 35. Rxg6+ Kf8 36. Bb4+ 1-0

[Event "1000GM Spring IM-D 2024"]
[Site "New York"]
[Date "2024.03.31"]
[Round "7.2"]
[White "Espinosa, Pedro"]
[Black "Polyik, Peter"]
[Result "0-1"]
[ECO "D35"]
[WhiteElo "2229"]
[BlackElo "2295"]
[Annotator "RC"]
[PlyCount "120"]
[EventDate "2024.03.26"]
[EventType "tourn"]
[EventCountry "USA"]
[SourceTitle "playchess.com"]
[Source "ChessBase"]
[SourceQuality "1"]
[TimeControl "5400+30"]

1. d4 Nf6 2. c4 e6 3. Nf3 d5 4. Nc3 Nbd7 5. Bf4 Bb4 6. cxd5 exd5 7. e3 Ne4 8. Qb3 c5 9. Bb5 Qa5 10. O-O c4 11. Qd1 Nxc3 12. bxc3 Bxc3 13. Rb1 O-O 14. Bxd7 Bxd7 15. Rxb7 Bf5 16. Ne5 Qa6 17. Rc7 Rac8 18. Rxc8 Rxc8 19. Qh5 Be6 20. Qf3 f6 21. Ng4 h5 22. e4 Bxd4 23. Ne3 dxe4 24. Qxe4 Bxe3 25. Bxe3 c3 26. Qc2 Qxa2 27. Qxa2 Bxa2 28. Bxa7 c2 29. Be3 Rd8 30. f3 Rd1 31. Kf2 Kf7 32. h4 Ke6 33. g4 g6 34. Re1 Kd5 35. Bc1 Bc4 36. Be3 Bd3 37. Bf4 Kd4 38. gxh5 gxh5 39. Re6 f5 40. Rd6+ Kc5 41. Rd8 Bc4 42. Rf8 Be6 43. Re8 Kd5 44. Rd8+ Kc6 45. Rh8 c1=Q 46. Bxc1 Rxc1 47. Ke3 Rc4 48. Rxh5 Kd5 49. Rh8 Ke5 50. h5 Rc3+ 51. Ke2 Kf4 52. h6 Rxf3 53. h7 Rh3 54. Kf2 Bf7 55. Kg2 Rh6 56. Kf2 Bg6 57. Rg8 Bxh7 58. Rh8 Kg5 59. Kg3 Bg6 60. Rg8 Rh7 0-1

[Event "1000GM Spring IM-D 2024"]
[Site "New York"]
[Date "2024.03.31"]
[Round "7.3"]
[White "Bonin, Jay"]
[Black "Yoo, Eugene"]
[Result "1/2-1/2"]
[ECO "A13"]
[WhiteElo "2154"]
[BlackElo "2205"]
[Annotator "RC"]
[PlyCount "123"]
[EventDate "2024.03.26"]
[EventType "tourn"]
[EventCountry "USA"]
[SourceTitle "playchess.com"]
[Source "ChessBase"]
[SourceQuality "1"]
[TimeControl "5400+30"]

1. Nf3 Nf6 2. c4 e6 3. g3 a6 4. Bg2 b5 5. b3 Bb7 6. O-O c5 7. Nc3 Qb6 8. d4 cxd4 9. Qxd4 Qxd4 10. Nxd4 Bxg2 11. Kxg2 Bc5 12. Rd1 bxc4 13. bxc4 O-O 14. Bg5 Rc8 15. Bxf6 gxf6 16. Na4 Ra7 17. Nb3 Be7 18. c5 Rb7 19. Rd4 f5 20. Rad1 Rcc7 21. f4 Nc6 22. R4d2 Kf8 23. Nb6 Ke8 24. Nc4 Nb4 25. Nd6+ Bxd6 26. cxd6 Rc3 27. Na5 Rb5 28. Rb1 f6 29. a4 Rxa5 30. Rxb4 Kd8 31. Kh3 Rac5 32. Kh4 a5 33. Rb8+ Rc8 34. Rxc8+ Rxc8 35. Kh5 Ke8 36. Kh6 Kf7 37. Rb2 e5 38. Rb7 Ke6 39. Rc7 Rb8 40. Kxh7 Rb2 41. Rc3 Rxe2 42. h4 exf4 43. gxf4 Rh2 44. Re3+ Kxd6 45. Kg6 Rxh4 46. Kxf5 Kc5 47. Rb3 Kc4 48. Rb6 d5 49. Rxf6 Rh2 50. Rc6+ Kb4 51. Rb6+ Kxa4 52. Ke5 Rf2 53. f5 d4 54. Rd6 Kb3 55. Rxd4 a4 56. f6 a3 57. Rd3+ Kb2 58. Rxa3 Kxa3 59. Ke6 Kb4 60. f7 Kc5 61. Ke7 Re2+ 62. Kd7 1/2-1/2

[Event "1000GM Spring IM-D 2024"]
[Site "New York"]
[Date "2024.03.31"]
[Round "7.4"]
[White "Ho, Carter"]
[Black "Fedorowicz, John"]
[Result "1/2-1/2"]
[ECO "B33"]
[WhiteElo "2108"]
[BlackElo "2372"]
[Annotator "RC"]
[PlyCount "87"]
[EventDate "2024.03.26"]
[EventType "tourn"]
[EventCountry "USA"]
[SourceTitle "playchess.com"]
[Source "ChessBase"]
[SourceQuality "1"]
[TimeControl "5400+30"]

1. e4 c5 2. Nf3 Nc6 3. d4 cxd4 4. Nxd4 Qb6 5. Nb3 Nf6 6. Nc3 e6 7. a3 a6 8. Be3 Qc7 9. f4 d6 10. Be2 Be7 11. Qd2 b5 12. g4 Nd7 13. O-O-O Rb8 14. g5 b4 15. axb4 Nxb4 16. f5 Nc6 17. Bf4 Nde5 18. f6 gxf6 19. gxf6 Bxf6 20. Qxd6 Qxd6 21. Rxd6 Rg8 22. Rdd1 Bg5 23. Bxg5 Rxg5 24. Nc5 Nb4 25. Rhg1 Rg6 26. Bh5 Rxg1 27. Rxg1 Ng6 28. Be2 Ke7 29. h4 Nxh4 30. Rh1 Ng6 31. Rxh7 Rb6 32. N3a4 Rb8 33. c3 Nc6 34. Bxa6 Bxa6 35. Nxa6 Rg8 36. b4 Nge5 37. N4c5 Rg2 38. b5 Na5 39. b6 Rg1+ 40. Kc2 Rg2+ 41. Kc1 Rf2 42. b7 Nxb7 43. Nxb7 Nd3+ 44. Kd1 1/2-1/2

[Event "1000GM Spring IM-D 2024"]
[Site "New York"]
[Date "2024.03.31"]
[Round "7.5"]
[White "Safranek, William"]
[Black "Khodzhamkuliev, Bahadur"]
[Result "0-1"]
[ECO "B00"]
[WhiteElo "1950"]
[BlackElo "2159"]
[Annotator "RC"]
[PlyCount "70"]
[EventDate "2024.03.26"]
[EventType "tourn"]
[EventCountry "USA"]
[SourceTitle "playchess.com"]
[Source "ChessBase"]
[SourceQuality "1"]
[TimeControl "5400+30"]

1. e4 Nc6 2. d4 d6 3. Nc3 Nf6 4. h3 g6 5. g4 Bg7 6. Nge2 e5 7. Be3 O-O 8. Bg2 Re8 9. O-O Bxg4 10. hxg4 Nxg4 11. Bh3 Nxe3 12. fxe3 Qg5+ 13. Kf2 Bh6 14. Qd3 Nb4 15. Qd2 f5 16. Rg1 Qh4+ 17. Kg2 f4 18. Raf1 exd4 19. Nxd4 Qg3+ 20. Kh1 Qxh3+ 21. Qh2 Qxh2+ 22. Kxh2 fxe3 23. Ndb5 Rf8 24. Nxc7 Rxf1 25. Rxf1 Rf8 26. Kg2 Nxc2 27. N7b5 Rxf1 28. Kxf1 Bf4 29. Nxa7 Nd4 30. Nc8 Kf7 31. Nb6 g5 32. a4 h5 33. b4 h4 34. a5 h3 35. b5 Nxb5 0-1

[Event "1000GM Spring IM-D 2024"]
[Site "New York"]
[Date "2024.03.31"]
[Round "7.6"]
[White "Shangin, Lev"]
[Black "Jakovljevic, Vlado"]
[Result "0-1"]
[ECO "D24"]
[WhiteElo "1994"]
[BlackElo "2356"]
[Annotator "RC"]
[PlyCount "40"]
[EventDate "2024.03.26"]
[EventType "tourn"]
[EventCountry "USA"]
[SourceTitle "playchess.com"]
[Source "ChessBase"]
[SourceQuality "1"]
[TimeControl "5400+30"]

1. d4 d5 2. c4 dxc4 3. Nc3 a6 4. a4 Nc6 5. e3 Na5 6. Nf3 Nf6 7. Ne5 Be6 8. Be2 g6 9. O-O Bg7 10. Qc2 O-O 11. Bd2 c5 12. dxc5 Qc7 13. Nf3 Qxc5 14. Nd4 Bd7 15. Na2 Rfc8 16. Bb4 Qe5 17. Nf3 Qc7 18. Rad1 Bf5 19. Qd2 Nb3 20. Qe1 Bc2 0-1

[Event "1000GM Spring IM-D 2024"]
[Site "New York"]
[Date "2024.03.30"]
[Round "7.7"]
[White "Cherukuri, Nitesh"]
[Black "Urhegyi, Marton"]
[Result "1/2-1/2"]
[ECO "C54"]
[WhiteElo "2000"]
[BlackElo "2258"]
[Annotator "RC"]
[PlyCount "30"]
[EventDate "2024.03.26"]
[EventType "tourn"]
[EventCountry "USA"]
[SourceTitle "playchess.com"]
[Source "ChessBase"]
[SourceQuality "1"]
[TimeControl "5400+30"]

1. e4 e5 2. Nf3 Nc6 3. Bc4 Bc5 4. c3 Nf6 5. d3 d6 6. O-O h6 7. Nbd2 a5 8. a4 Ba7 9. Bb5 O-O 10. Bxc6 bxc6 11. Nc4 Bb6 12. Re1 Re8 13. Rf1 Rf8 14. Re1 Re8 15. Rf1 Rf8 1/2-1/2

[Event "1000GM Spring IM-D 2024"]
[Site "New York"]
[Date "2024.03.31"]
[Round "7.8"]
[White "Rohde, Michael"]
[Black "Mou, Iris"]
[Result "1/2-1/2"]
[ECO "D37"]
[WhiteElo "2318"]
[BlackElo "2216"]
[Annotator "RC"]
[PlyCount "82"]
[EventDate "2024.03.26"]
[EventType "tourn"]
[EventCountry "USA"]
[SourceTitle "playchess.com"]
[Source "ChessBase"]
[SourceQuality "1"]
[TimeControl "5400+30"]

1. d4 Nf6 2. Nf3 d5 3. c4 e6 4. Nc3 a6 5. cxd5 exd5 6. Bg5 Be7 7. e3 h6 8. Bh4 O-O 9. Bd3 c6 10. O-O Be6 11. Ne5 Ne8 12. Bg3 Nd6 13. Qc2 Qc8 14. Na4 Qd8 15. Nc5 Bc8 16. Rac1 Nd7 17. Nexd7 Bxd7 18. Bxd6 Bxd6 19. Nxb7 Bxh2+ 20. Kxh2 Qc7+ 21. Kg1 Qxb7 22. b3 a5 23. a3 Rfc8 24. Rb1 Qb6 25. Rfc1 Qd8 26. Qe2 Qg5 27. Qf3 h5 28. Qf4 Qxf4 29. exf4 g6 30. Rc5 Rcb8 31. Kf1 Kf8 32. Ke2 Ke7 33. Kd2 Kd6 34. a4 h4 35. Kc3 h3 36. gxh3 Rh8 37. Re1 Rxh3 38. Re3 Rh1 39. Bc2 Rh2 40. Rf3 Bg4 41. Rg3 Bd7 1/2-1/2

[Event "1000GM Spring IM-D 2024"]
[Site "New York"]
[Date "2024.03.31"]
[Round "7.9"]
[White "Zaderman, Vitaly"]
[Black "Gaw, Chloe"]
[Result "0-1"]
[ECO "D40"]
[WhiteElo "2177"]
[BlackElo "2092"]
[Annotator "RC"]
[PlyCount "90"]
[EventDate "2024.03.26"]
[EventType "tourn"]
[EventCountry "USA"]
[SourceTitle "playchess.com"]
[Source "ChessBase"]
[SourceQuality "1"]
[TimeControl "5400+30"]

1. d4 d5 2. c4 dxc4 3. Nf3 Nf6 4. e3 e6 5. Bxc4 c5 6. O-O a6 7. a3 b5 8. Bd3 Bb7 9. Nc3 Be7 10. dxc5 Bxc5 11. b4 Be7 12. e4 Nbd7 13. Re1 Rc8 14. Bb2 Nb6 15. Qe2 Nc4 16. Rad1 Qc7 17. Rc1 Qf4 18. a4 Bxb4 19. axb5 axb5 20. Red1 O-O 21. Nxb5 Nxb2 22. Rxc8 Nxd1 23. Rxf8+ Bxf8 24. Qxd1 Nxe4 25. Be2 h6 26. g3 Qf6 27. Qd4 Bc5 28. Qxf6 Bxf2+ 29. Kg2 gxf6 30. Nd6 Nxd6 31. Kxf2 Bxf3 32. Bxf3 Kg7 33. Ke3 Kg6 34. Be2 Kf5 35. Bf3 Ke5 36. Bh5 f5 37. Kf3 Kd4 38. Ke2 e5 39. Kf2 e4 40. Ke2 f6 41. Bg6 Ke5 42. Ke3 Nc4+ 43. Ke2 f4 44. Bf7 f3+ 45. Kf2 Kd4 0-1